 Dungeon Crawl Stone Soup version 0.30-a0-1094-g860fb061e7 (console) character file.

Game seed: 5444866784032781543

138140 jejorda2 the Phalangite (level 17, -12/213 HPs)
             Began as a Merfolk Berserker on Apr 16, 2023.
             Was a High Priest of Trog.
             Killed from afar by a shock serpent (13 damage)
             ... with a bolt of electricity
             ... on level 2 of the Snake Pit on Apr 17, 2023.
             The game lasted 01:07:58 (30935 turns).

jejorda2 the Phalangite (Merfolk Berserker)        Turns: 30935, Time: 01:08:00

Health: -12/213    AC: 25    Str: 25    XL:     17   Next: 25%
Magic:  5/5        EV: 12    Int:  7    God:    Trog [*****.]
Gold:   1849       SH:  0    Dex: 13    Spells: 16/16 levels left

rFire   . . .      SeeInvis .    a - +4 bardiche (antimagic)
rCold   . . .      Faith    .    (shield currently unavailable)
rNeg    . . .      Spirit   .    N - +2 chain mail {rPois}
rPois   +          Reflect  .    z - +2 hat
rElec   .          Rampage  +    x - +2 cloak {Will+}
rCorr   .                        v - +2 pair of gloves
Will    ++...                    R - +2 pair of boots {rampage} Stlth
                                 j - amulet of regeneration
HPRegen 1.35/turn                (no ring)
MPRegen 0.09/turn                (no ring)

@: berserking (expiring), lethally poisoned (-12 -> -13), marked, very quick
A: (nimble swimmer 2), mertail
a: Renounce Religion, Berserk, Trog's Hand, Brothers in Arms


You were on level 2 of the Snake Pit.
You worshipped Trog.
Trog was extremely pleased with you.
You visited 4 branches of the dungeon, and saw 24 of its levels.

You collected 2765 gold pieces.
You spent 916 gold pieces at shops.

Inventory:

Hand Weapons
 a - a +4 antimagic bardiche (weapon)
 b - a +3 heavy trident
Missiles
 i - 104 stones
 n - 7 atropa-tipped darts
 q - 11 poisoned darts
 u - 4 throwing nets
 H - 14 boomerangs (quivered)
 O - 7 silver javelins
Armour
 v - a +2 pair of gloves (worn)
 x - a +2 cloak of willpower (worn)
 z - a +2 hat (worn)
 N - a +2 chain mail of poison resistance (worn)
 R - a +2 pair of boots of rampaging (worn)
 U - +0 ice dragon scales
Jewellery
 j - an amulet of regeneration (around neck)
 P - a ring of ice
Wands
 w - a wand of paralysis (23)
 y - a wand of digging (2)
 F - a wand of iceblast (13)
 K - a wand of acid (13)
 S - a wand of flame (13)
Scrolls
 d - 5 scrolls of fear
 e - 3 scrolls of enchant weapon
 g - 9 scrolls of poison
 h - 12 scrolls of teleportation
 k - 6 scrolls of immolation
 o - a scroll of brand weapon
 p - a scroll of silence
 A - a scroll of butterflies
 E - 2 scrolls of blinking
 I - a scroll of fog
 Q - 2 scrolls of magic mapping
Potions
 c - 4 potions of resistance
 l - 3 potions of cancellation
 m - 2 potions of might
 r - 6 potions of curing
 s - 4 potions of haste
 t - 7 potions of attraction
 C - 2 potions of invisibility
 D - 2 potions of heal wounds
 J - 4 potions of lignification
 M - 2 potions of mutation
 T - a potion of flight
Miscellaneous
 f - a lightning rod (4/4)
 B - a phial of floods
 G - a tin of tremorstones (2/2)


   Skills:
 + Level 15.3 Fighting
 - Level 24.0 Polearms
 + Level 12.6 Throwing
 * Level 10.0 Armour
 - Level 9.0 Dodging
 - Level 8.0 Evocations


You had 16 spell levels left.
You didn't know any spells.
Your spell library was empty.

Dungeon Overview and Level Annotations

Branches:
Dungeon (15/15)            Temple (0/1) D:4            Lair (5/5) D:8
  Swamp (0/4) Lair:3        Snake (2/4) Lair:2        Slime (0/5) Lair:5
    Orc (2/2) D:9             Elf (0/3) Orc:2        Vaults (0/5) D:14
 Depths (0/4) D:15

Altars:
Cheibriados
Dithmenos
Elyvilon
Fedhas
Gozag
Hepliaklqana
Qazlal
Sif Muna
Trog
Xom
Yredelemnul
Jiyva

Shops:
D:4 ?[:[   D:5 :   D:8 *   D:10 !   D:12 :   Orc:2 (:(*   Snake:1 [

Annotations:
Lair:3 1 runed translucent door, Mant's ghost, journeyman OpBr
Lair:4 3 runed translucent doors, exclusion: 3 doors, Bacu's ghost, journeyman DjCj


Innate Abilities, Weirdness & Mutations

((You are very nimble when in or above water. (Stealth+, EV+, Speed+++)))
Your lower body shifts to a powerful aquatic tail in water.


Message History

You slash the shock serpent!
The shock serpent is lightly wounded.
You feel sick. The shock serpent bites you.
* * * LOW HITPOINT WARNING * * *
The shock serpent shocks you!
* * * LOW HITPOINT WARNING * * *
The black mamba bites you but does no damage. x2
You slice the shock serpent!!
The shock serpent is severely wounded.
The shock serpent's electric aura discharges, shocking you!
You feel sick.
The black mamba bites you but does no damage. x2
You feel sick.
The shock serpent shoots out a bolt of lightning at you!
The bolt of electricity hits you!
* * * LOW HITPOINT WARNING * * *
The black mamba closely misses you.
The black mamba bites you but does no damage.
You slash the black mamba!
The black mamba is moderately wounded.
* * * LOW HITPOINT WARNING * * *
You feel sick.
The shock serpent shoots out a bolt of lightning at you!
The bolt of electricity hits you.
* * * LOW HITPOINT WARNING * * *
The black mamba barely misses you. x2
You slash the black mamba!
The black mamba is severely wounded.
* * * LOW HITPOINT WARNING * * *
You feel sick.
The shock serpent bites you but does no damage.
The black mamba completely misses you.
The black mamba bites you but does no damage.
You slash the black mamba!
The black mamba is almost dead.
* * * LOW HITPOINT WARNING * * *
You feel sick.
The shock serpent shoots out a bolt of lightning at you!
The bolt of electricity hits you!
You die...

### ..# ........
..# ......# ..#
......### ..###
.......# ).'.#
#......# ..#.##
#......# ###..##
#SS....# ##..#
#†@....# ##.##
###SS....# #..###
#........#
##...####...######
###...##...#
###.##)..#
#..#...#
##.....######
##.........#


You could see a shock serpent and 3 black mambas.

Vanquished Creatures
  Gastronok (D:8)
  A sphinx (D:14)
  Frances (D:12)
  A nagaraja (Snake:2)
  A frost giant (D:14)
  A deep elf annihilator (D:14)
  A fire dragon (D:14)
  An ice dragon (D:14)
  5 hydras
  A rakshasa (D:14)
  2 ogre magi (D:15)
  5 anacondas
  9 centaur warriors
  Erica (Lair:1)
  4 catoblepae
  A deep troll shaman (Lair:5)
  5 boulder beetles
  11 death yaks
  12 two-headed ogres
  Urug (D:12)
  3 tengu warriors
  7 naga warriors
  An orc high priest (Orc:1)
  6 naga sharpshooters
  5 shock serpents
  2 skysharks
  5 skeletal warriors
  A flayed ghost (D:15)
  A golden dragon zombie (D:15)
  5 lindwurms
  A wizard (D:14)
  A necromancer (D:15)
  A deep elf pyromancer (D:15)
  The ghost of Likado the Chiller, a novice DrIE of Vehumet (D:6)
  3 orc knights
  11 mana vipers
  11 orc sorcerers
  A stone giant skeleton (D:15)
  2 frost giant zombies (D:15)
  6 manticores
  6 cyclopes
  10 elephants
  7 salamanders
  11 ugly things
  10 black mambas
  A guardian serpent (Snake:1)
  5 naga magi
  14 cane toads
  Maggie (D:10)
  A gargoyle (D:12)
  4 rime drakes
  An efreet (D:13)
  9 komodo dragons
  3 unseen horrors
  3 tengu conjurers
  A komodo dragon (shapeshifter) (D:14)
  A freezing wraith (D:14)
  An unseen horror (shapeshifter) (D:15)
  A meliai (D:9)
  4 polar bears
  2 hornets
  6 trolls
  14 blink frogs
  A wolf spider simulacrum (D:14)
  A raiju (shapeshifter) (D:15)
  7 dream sheep
  A slime creature (D:14)
  A spriggan (shapeshifter) (D:13)
  2 shadows (D:12)
  6 wyverns
  2 vampires
  A ynoxinul (D:8)
  7 basilisks
  6 wraiths
  62 yaks
  3 humans (D:14)
  11 vampire mosquitoes
  A steam dragon (D:8)
  A redback simulacrum (D:14)
  18 nagas
  A warg (Orc:2)
  An acid dragon (D:14)
  14 water moccasins
  2 ice beasts
  14 orc warriors
  A sky beast (D:7)
  2 black bears
  10 ogres
  11 wolves
  17 centaurs
  2 phantoms
  A kobold brigand (D:9)
  15 bullfrogs
  2 gnoll sergeants (D:10)
  2 scorpions (D:5)
  11 wights
  A killer bee (D:9)
  A howler monkey (D:10)
  2 lava snakes (Lair:2)
  5 hounds
  4 jellies
  19 orc priests
  2 sleepcaps (D:7)
  2 gnoll boudas
  5 iguanas
  32 orc wizards
  19 gnolls
  6 adders
  A white imp (D:6)
  4 worms
  3 dart slugs
  77 orcs
  5 ball pythons
  10 endoplasms
  6 giant cockroaches
  7 goblins
  8 hobgoblins
  7 jackals
  A kobold (D:1)
  3 quokkas
  5 bats
  4 frilled lizards
  2 rats
733 creatures vanquished.

Vanquished Creatures (collateral kills)
  A black mamba (Snake:1)
  2 blink frogs (Lair:4)
  3 yaks (Lair:4)
  A wolf (Lair:3)
  2 killer bees (D:10)
9 creatures vanquished.

Vanquished Creatures (others)
  2 vault guards (D:14)
  A wizard (D:14)
  A deep elf pyromancer (D:14)
  5 humans (D:14)
  2 orc wizards
  An orc (Orc:1)
  36 fungi
  26 plants
  9 toadstools (Lair:3)
  5 withered plants (D:15)
88 creatures vanquished.

Grand Total: 830 creatures vanquished

Notes
Turn   | Place    | Note
-------+----------+-------------------------------------------
     0 | D:1      | jejorda2 the Merfolk Berserker began the quest for the Orb.
     0 | D:1      | Reached XP level 1. HP: 18/18 MP: 1/1
    70 | D:1      | Reached XP level 2. HP: 24/24 MP: 2/2
   298 | D:1      | Reached XP level 3. HP: 29/29 MP: 3/3
   675 | D:2      | You fall into a shaft and drop 2 floors!
   757 | D:4      | Found Zaefe's Magic Scroll Shoppe.
   763 | D:4      | Reached skill level 5 in Polearms
   764 | D:4      | Found Kistresmu's Book Shoppe.
   764 | D:4      | Found Guat's Antique Armour Shoppe.
   767 | D:4      | Found Xasarph's Antique Armour Shoppe.
   818 | D:4      | Found a staircase to the Ecumenical Temple.
   888 | D:4      | Identified the +0 leather armour "Waqied" {rElec rN+ Str-2
                  | Dex+4}
   947 | D:4      | Found a white marble altar of Elyvilon.
  1147 | D:4      | Reached ** piety under Trog
  1148 | D:4      | Reached XP level 4. HP: 33/37 MP: 4/4
  1167 | D:4      | Noticed a black bear
  1178 | D:4      | Killed a black bear
  1179 | D:4      | Reached skill level 6 in Polearms
  1179 | D:4      | Reached XP level 5. HP: 42/42 MP: 5/5
  1424 | D:4      | Bought a scroll of poison for 56 gold pieces
  1424 | D:4      | Bought a scroll of identify for 28 gold pieces
  1606 | D:3      | Found a snail-covered altar of Cheibriados.
  1645 | D:3      | Reached XP level 6. HP: 49/49 MP: 6/6
  2320 | D:2      | Found a hazy altar of Hepliaklqana.
  2328 | D:2      | Reached skill level 7 in Polearms
  2728 | D:5      | Entered Level 5 of the Dungeon
  2748 | D:5      | Reached *** piety under Trog
  2782 | D:5      | Reached skill level 5 in Fighting
  2795 | D:5      | Reached XP level 7. HP: 55/56 MP: 7/7
  2895 | D:5      | Reached skill level 8 in Polearms
  3111 | D:5      | Found Suutiuwo's Tremendous Tomes.
  3152 | D:5      | Reached skill level 9 in Polearms
  3481 | D:6      | Reached XP level 8. HP: 64/64 MP: 8/8
  3795 | D:6      | Reached skill level 10 in Polearms
  4178 | D:6      | Found a runed translucent door.
  4178 | D:6      | Noticed Likado's ghost (novice DrIE)
  4269 | D:6      | Killed Likado's ghost
  4270 | D:6      | Reached skill level 11 in Polearms
  4270 | D:6      | Reached XP level 9. HP: 7/69 MP: 9/9
  4519 | D:7      | Reached **** piety under Trog
  4595 | D:7      | Found a basalt altar of Yredelemnul.
  4609 | D:7      | Reached skill level 12 in Polearms
  4612 | D:7      | Reached skill level 5 in Armour
  4988 | D:7      | Noticed a hornet
  4997 | D:7      | Paralysed by a hornet for 3 turns
  5000 | D:7      | Killed a hornet
  5001 | D:7      | Reached skill level 1 in Throwing
  5421 | D:7      | Found an opulent altar of Gozag.
  5715 | D:8      | Reached skill level 13 in Polearms
  5725 | D:8      | Noticed Gastronok
  5741 | D:8      | Killed Gastronok
  5742 | D:8      | Reached skill level 14 in Polearms
  5742 | D:8      | Reached XP level 10. HP: 32/76 MP: 10/10
  6059 | D:8      | Noticed an elephant
  6078 | D:8      | Killed an elephant
  6156 | D:8      | Found a staircase to the Lair.
  6163 | D:8      | Reached skill level 15 in Polearms
  6572 | D:8      | Found Quaz's Assorted Antiques.
  6603 | D:8      | Found a bloodstained altar of Trog.
  6621 | D:8      | Found a shimmering blue altar of Sif Muna.
  6827 | D:4      | Bought a runed scale mail for 210 gold pieces
  6955 | D:8      | Reached skill level 5 in Throwing
  6966 | D:9      | Noticed a tengu warrior
  6998 | D:9      | Noticed a two-headed ogre
  7190 | D:9      | Killed a two-headed ogre
  7191 | D:9      | Reached skill level 16 in Polearms
  7191 | D:9      | Reached XP level 11. HP: 22/81 MP: 11/11
  7555 | D:9      | Reached skill level 17 in Polearms
  7653 | D:9      | Found a hazy altar of Hepliaklqana.
  7675 | D:9      | Killed a tengu warrior
  7676 | D:9      | Reached skill level 1 in Evocations
  7791 | D:9      | Found a staircase to the Orcish Mines.
  8227 | D:9      | Found a hazy altar of Hepliaklqana.
  8362 | D:9      | Found a staircase to the Orcish Mines.
  8518 | D:10     | Entered Level 10 of the Dungeon
  8819 | D:10     | Found a shadowy altar of Dithmenos.
  9212 | D:4      | Bought a scroll of blinking for 105 gold pieces
  9335 | D:10     | Noticed Maggie
  9344 | D:10     | Killed Maggie
  9393 | D:10     | Identified the +3 flail "Killer Klown's Regret" {pain,
                  | rPois rF- rCorr}
  9415 | D:10     | Found a shimmering altar of Xom.
  9417 | D:10     | Found a stormy altar of Qazlal.
  9566 | D:10     | Found a blossoming altar of Fedhas.
  9682 | D:10     | Identified the +1 robe of the Spheres {rF+ Will+}
  9803 | D:10     | Found Kimoent's Distillery.
  9923 | Lair:1   | Entered Level 1 of the Lair of Beasts
 10046 | Lair:1   | Reached skill level 18 in Polearms
 10436 | Lair:1   | Noticed Erica
 10453 | Lair:1   | Killed Erica
 10614 | Lair:1   | Reached XP level 12. HP: 92/92 MP: 12/12
 10962 | Lair:2   | Reached skill level 5 in Evocations
 11238 | Lair:2   | Noticed a skyshark
 11248 | Lair:2   | Killed a skyshark
 11293 | Lair:2   | Noticed a death yak
 11293 | Lair:2   | Noticed a death yak
 11293 | Lair:2   | Noticed a death yak
 11305 | Lair:2   | Killed a death yak
 11312 | Lair:2   | Killed a death yak
 11322 | Lair:2   | Killed a death yak
 11686 | Lair:2   | Found a staircase to the Snake Pit.
 11987 | Lair:2   | Reached skill level 19 in Polearms
 12346 | Lair:3   | Found a staircase to the Swamp.
 12405 | Lair:3   | Found a runed translucent door.
 12411 | Lair:3   | Noticed Mant's ghost (journeyman OpBr)
 12562 | Lair:3   | Reached XP level 13. HP: 41/103 MP: 13/13
 12773 | Lair:3   | Reached skill level 10 in Fighting
 13051 | Lair:3   | Reached skill level 20 in Polearms
 13465 | Lair:3   | Found a runed translucent door.
 14040 | D:4      | Bought a warped scale mail for 270 gold pieces
 14040 | D:4      | Identified the +7 scale mail "Dyrai" {Dex+2 Slay+3 Stlth+}
                  | (You bought it in a shop on level 4 of the Dungeon)
 15298 | Lair:4   | Found a runed translucent gate.
 15298 | Lair:4   | Found a runed translucent gate.
 15298 | Lair:4   | Found a runed translucent gate.
 15327 | Lair:4   | Noticed Bacu's ghost (journeyman DjCj)
 15679 | Lair:4   | Found the +6 arbalest "Damnation" {damnation}
 15875 | Lair:5   | Entered Level 5 of the Lair of Beasts
 15898 | Lair:5   | Reached XP level 14. HP: 115/115 MP: 14/14
 15909 | Lair:5   | Reached skill level 5 in Dodging
 16042 | Lair:5   | Reached ***** piety under Trog
 16377 | Lair:5   | Found a viscous altar of Jiyva.
 16377 | Lair:5   | Found a staircase to the Slime Pits.
 17186 | Lair:5   | Reached skill level 10 in Throwing
 17815 | Lair:5   | Identified the +6 long sword of the Old World {drain, rPois
                  | rF+ rN+}
 18088 | D:4      | Bought a runed cloak for 247 gold pieces
 19403 | D:12     | Received a gift from Trog
 19787 | D:12     | Noticed Urug
 19794 | D:12     | Killed Urug
 20041 | D:12     | Noticed Frances
 20058 | D:12     | Killed Frances
 20059 | D:12     | Reached XP level 15. HP: 120/120 MP: 5/15
 20097 | D:12     | Found Saah's Book Shoppe.
 21842 | D:14     | Identified the +1 leather armour of Virtue {Dex+3}
 22553 | D:14     | Reached skill level 21 in Polearms
 23245 | D:14     | Noticed a frost giant
 23260 | D:14     | Identified the +8 flail of Isyviak {spect, *Rage Int+3
                  | SInv}
 23260 | D:14     | Noticed a sphinx
 23263 | D:14     | Killed a sphinx
 23269 | D:14     | Killed a frost giant
 23717 | D:14     | Reached skill level 22 in Polearms
 23852 | D:14     | Found a gate to the Vaults.
 24078 | D:15     | Entered Level 15 of the Dungeon
 24257 | D:15     | Reached XP level 16. HP: 129/129 MP: 5/16
 24757 | D:15     | Found a staircase to the Depths.
 24950 | D:15     | Reached skill level 23 in Polearms
 26054 | Orc:1    | Entered Level 1 of the Orcish Mines
 26108 | Orc:1    | Reached ****** piety under Trog
 26172 | Orc:1    | Received a gift from Trog
 26495 | Orc:2    | Entered Level 2 of the Orcish Mines
 26589 | Orc:2    | Found a staircase to the Elven Halls.
 27065 | Orc:2    | Found a bloodstained altar of Trog.
 27167 | Orc:2    | Found Paifuz's Antique Weapon Boutique.
 27183 | Orc:2    | Received a gift from Trog
 27220 | Orc:2    | Found Orisamn's Book Emporium.
 27278 | Orc:2    | Found Nughea's Weapon Boutique.
 27297 | Orc:2    | Found Lifeekk's Assorted Antiques.
 27634 | Orc:1    | Upgraded the game from 0.30-a0-1085-g990a428a5c to
                  | 0.30-a0-1094-g860fb061e7
 27766 | Snake:1  | Entered Level 1 of the Snake Pit
 28019 | Snake:1  | Received a gift from Trog
 28145 | Snake:1  | Identified the +1 robe of Maskov {Harm Str+10 Int-4 Dex-5}
 28191 | Snake:1  | Reached skill level 24 in Polearms
 29550 | Snake:1  | Found Gesourchu's Armour Shoppe.
 30079 | Snake:2  | Noticed a nagaraja
 30085 | Snake:2  | Killed a nagaraja
 30322 | Snake:2  | Reached XP level 17. HP: 74/140 MP: 0/17
 30338 | Snake:2  | Reached skill level 15 in Fighting
 30775 | Snake:2  | Received a gift from Trog
 30927 | Snake:2  | Reached skill level 10 in Armour
 30932 | Snake:2  | HP: 5/213 [shock serpent/bolt of electricity (13)]
 30933 | Snake:2  | HP: 1/213 [shock serpent/bolt of electricity (2)]
 30935 | Snake:2  | Killed from afar by a shock serpent

Illustrated notes

Levels and vault maps discovered:
D:1:      shiori_arrival_maze, layout_rooms, minmay_tromino_i4
D:2:      layout_basic, basic_altar
D:3:      layout_basic, kennysheep_slug_shrine, minivault_25
D:4:      kb_forest_paths, layout_rooms, elyvilon_altar_5,
          minmay_temple_entry_sparse_star, minmay_shop_grid_forest,
          serial_bayou_pond_a, serial_park_tiny_pond
D:5:      layout_basic, nicolae_shop_i_like_big_books
D:6:      layout_basic, gammafunk_ghost_grave, minivault_26
D:7:      layout_basic, grunt_gozag_statues, nicolae_overflow_crystal_walls
D:8:      layout_rooms, nzn_overflow_gifts_of_might_and_magic,
          david_lair_generic, serial_shops, nicolae_shop_behind_doors,
          minmay_misc_feat_rugged, kennysheep_generic_room_13, uniq_gastronok
D:9:      layout_cave_pools, mainiacjoe_overflow_cross_hatched, orc_0_dummy,
          serial_park_tiny_1, minmay_checkerbox
D:10:     layout_rooms, grunt_dithmenos_smoke,
          chequers_temple_overflow_statue_of_worship,
          mainiacjoe_overflow_six_doors_small, serial_shops,
          nicolae_shop_back_alley_shop, nicolae_nh_ransacked_shop, uniq_maggie
D:11:     layout_roguey, serial_aquarium, aquarium_bridge_square
          [aquarium_subvault_bridge, aquarium_subvault_bridge,
          aquarium_subvault_bridge, aquarium_subvault_wall],
          aquarium_window_corridor_1, aquarium_window_fake, aquarium_window_1,
          aquarium_view_2d, aquarium_view_2d, st_stairs_5, minmay_misc_feat_x,
          hellmonk_bongcloud_opening, corexii_corridor_pit
D:12:     layout_layer_cave, kb_lookout_dungeons_type, minivault_21,
          kennysheep_diamond, minivault_23, uniq_frances, uniq_urug
D:13:     layout_gridville
D:14:     kennysheep_snake, layout_long_grid, ximxim_vaults_locker_room,
          wad_floor_pattern_untrapped, nicolae_figureground_sparkle
D:15:     gammafunk_depths_entry_grave, layout_loops_corners,
          dreamdust_mushroom_princess
Lair:1:   layout_roguey, uniq_erica
Lair:2:   hellmonk_destroyed_diamonds, layout_long_grid,
          nicolae_snake_entry_warm_welcome, minivault_11
Lair:3:   gammafunk_lair_enchanted_lake, layout_regular_city, swamp_mist,
          ebering_ghost_inner_flame, st_stairs_4, grunt_megastairs_2
Lair:4:   layout_roguey, gammafunk_ghost_icy, minmay_lindwurm_lava
Lair:5:   grunt_lair_end_beastmaster, layout_concentric_octagons, slime_entry_1
Snake:1:  layout_layer_cave, serial_shops, shop
Snake:2:  layout_basic, nicolae_snake_mages_go_home, minmay_shop_grove
Orc:1:    layout_caves, basic_altar
Orc:2:    st_orc_town, layout_caves, basic_altar, david_defended_altar_orc

Skill      XL: |  1  2  3  4  5  6  7  8  9 10 11 12 13 14 15 16 17 |
---------------+----------------------------------------------------+-----
Polearms       | 5 6 7 9 11 14 16 18 19 20 22 24 | 24.0
Armour         | 2 3 4 5 6 8 9 10 | 10.0
Fighting       | 4 5 6 8 9 12 14 15 | 15.3
Throwing       | 3 5 6 9 11 12 | 12.6
Evocations     | 4 8 |  8.0
Dodging        | 4 9 |  9.0

Action                     |  1- 3 |  4- 6 |  7- 9 | 10-12 | 13-15 | 16-18 || total
---------------------------+-------+-------+-------+-------+-------+-------++-------
  Melee: Spear             |    28 |       |       |       |       |       ||    28
         Punch             |     1 |       |     1 |     2 |     1 |       ||     5
         Halberd           |    64 |    15 |       |   348 |       |       ||   427
         Trident           |       |   107 |   178 |   190 |    32 |     7 ||   514
         Glaive            |       |       |       |    73 |   604 |       ||   677
         Tailslap          |       |       |       |       |     5 |       ||     5
         Bardiche          |       |       |       |       |   351 |   685 ||  1036
  Throw: Stone             |       |       |    16 |    47 |    19 |       ||    82
         Dart              |       |       |       |       |     3 |       ||     3
         Boomerang         |       |       |       |       |     6 |    45 ||    51
         Throwing net      |       |       |       |       |       |     1 ||     1
 Invoke: Berserk           |     1 |     1 |     5 |    13 |    11 |     9 ||    40
         Trog's Hand       |       |       |     1 |     5 |     7 |     3 ||    16
         Brothers in Arms  |       |       |       |     1 |     2 |     1 ||     4
  Evoke: Wand              |       |       |       |       |     1 |       ||     1
         Tin of tremorston |       |       |       |       |       |     1 ||     1
    Use: Scroll            |       |    13 |     5 |     9 |     3 |     1 ||    31
         Potion            |       |       |     1 |       |     1 |       ||     2
   Stab: Sleeping          |     3 |       |       |       |     1 |       ||     4
         Petrified         |       |       |       |       |     7 |       ||     7
         Petrifying        |       |       |       |       |     1 |       ||     1
         Held in net/web   |       |       |       |       |       |     2 ||     2
 Armour: Animal skin       |    13 |       |       |       |       |       ||    13
         Scale mail        |     3 |    10 |       |   196 |   487 |       ||   696
         Chain mail        |       |    62 |    92 |    33 |       |   197 ||   384
         Plate armour      |       |       |       |       |     7 |   121 ||   128
  Dodge: Dodged            |    45 |    67 |    60 |   189 |   407 |   214 ||   982

Table legend: (Time is in decaauts)
 A = Elapsed time spent in this place.
 B = Non-inter-level travel time spent in this place.
 C = Inter-level travel time spent in this place.
 D = Time resting spent in this place.
 E = Time spent auto-exploring this place.
 F = Levels seen in this place.
 G = Mean time per level.
                   A        B        C        D        E       F      G
               +--------+--------+--------+--------+--------+-----+--------+
         Total |  30697 |  28015 |   2682 |   3388 |  20090 |  24 | 1279.0 |
       Dungeon |  18566 |  16574 |   1992 |   2099 |  11868 |  15 | 1237.7 |
          Lair |   8038 |   7498 |    540 |   1121 |   5205 |   5 | 1607.6 |
     Snake Pit |   2548 |   2508 |     40 |    133 |   1922 |   2 | 1274.0 |
  Orcish Mines |   1545 |   1437 |    108 |     34 |   1094 |   2 |  772.5 |
               +--------+--------+--------+--------+--------+-----+--------+

Top non-repeatable levels by time:
    D:14: 2472 daAuts
  Lair:2: 2160 daAuts
    D:15: 1854 daAuts
  Lair:3: 1768 daAuts
  Lair:4: 1735 daAuts
 Snake:1: 1732 daAuts
     D:9: 1637 daAuts
    D:12: 1633 daAuts
  Lair:5: 1583 daAuts
     D:8: 1459 daAuts
     D:7: 1387 daAuts
     D:6: 1233 daAuts
     D:5: 1104 daAuts
    D:10: 1054 daAuts
     D:4: 1028 daAuts
